 Dungeon Crawl Stone Soup version 0.31-a0-236-g9a0961fb85 (webtiles) character file.

Game seed: 14431814009145063641

424 qw the Shooter (level 6, -5/38 HPs)
             Began as a Gargoyle Hexslinger on July 10, 2023.
             Killed from afar by Dowan (17 damage)
             ... with a shard of ice
             ... on level 4 of the Dungeon.
             The game lasted 00:00:54 (2295 turns).

qw the Shooter (Gargoyle Hexslinger)                Turns: 2295, Time: 00:00:55

Health: -5/38      AC:  9    Str: 12    XL:     6   Next: 96%
Magic:  7/7        EV: 10    Int: 13    God:
Gold:   129        SH:  0    Dex: 14    Spells: 6/7 levels left

rFire   . . .        Y - +2 sling (flame)
rCold   . . .        (no shield)
rNeg    + . .        g - +0 ring mail
rPois   inf          (no helmet)
rElec   +            (no cloak)
rCorr   .            (no gloves)
SInv    .            (no boots)
Will    .....        a - amulet of faith
Stlth   +            (no ring)
HPRegen 0.26/turn    (no ring)
MPRegen 0.10/turn

%: faith
@: no status effects
A: sickness immunity, AC +4, negative energy resistance 1, electricity
resistance, torment resistance 1, petrification resistance
a: no special abilities


You were on level 4 of the Dungeon.
You visited 1 branch of the dungeon, and saw 4 of its levels.

You collected 129 gold pieces.


Innate Abilities, Weirdness & Mutations

You are immune to sickness and miasma.
Your stone body is resilient. (AC +4)
You are immune to poison.
You resist negative energy. (rN+)
You are resistant to electric shocks. (rElec)
You are resistant to unholy torment.
You are immune to petrification.


   Skills:
 + Level 3.6 Fighting
 - Level 6.2 Ranged Weapons
 - Level 1.0 Armour
 - Level 1.5 Dodging
 - Level 1.0 Spellcasting
 - Level 2.6 Hexes


You had 6 spell levels left.
You knew the following spells:

 Your Spells              Type           Power      Damage    Failure   Level
a - Slow                  Hex            28%        N/A       22%         1

Your spell library contained the following spells:

 Spells                   Type           Power      Damage    Failure   Level
 Inner Flame              Hex/Fire       4%         N/A       73%         3
 Portal Projectile        Hex/Tloc       8%         N/A       73%         3
 Cause Fear               Hex            3%         N/A       91%         4

Inventory:

Hand Weapons
 Y - a +2 sling of flaming (weapon)
Armour
 g - a +0 ring mail (worn)
Jewellery
 a - an amulet of faith (around neck)
 c - a +6 ring of intelligence
Scrolls
 d - a scroll of enchant weapon {unknown}
 f - a scroll of teleportation
 h - 3 scrolls of identify
Potions
 b - a potion of resistance
 e - 4 potions of curing
 i - a potion of haste

Dungeon Overview and Level Annotations

Branches:
Dungeon (4/15)
 Temple: D:4-7

Altars:

Annotations:
D:4 Dowan


Message History

Dowan barely misses you. Duvessa hits you but does no damage.
The endoplasm barely misses you. Duvessa barely misses you.
Dowan hits you but does no damage.
You shoot a sling bullet. The sling bullet hits Duvessa.
The sling bullet burns Duvessa.
Duvessa is severely wounded.
The endoplasm hits you but does no damage.
Duvessa hits you with a +0 rapier. Dowan casts a spell at you.
The puff of flame hits you!
You shoot a sling bullet. The sling bullet hits Duvessa.
The sling bullet burns Duvessa.
Duvessa is almost dead.
The endoplasm barely misses you.
Dowan hits you with a +2 dagger of protection.
Duvessa closely misses you.
You shoot a sling bullet.
The sling bullet hits Duvessa but does no damage.
Duvessa is almost dead.
The endoplasm hits you but does no damage.
Dowan closely misses you. Duvessa misses you. The endoplasm closely misses you.
Dowan hits you but does no damage. Duvessa closely misses you.
You shoot a sling bullet. The sling bullet hits Duvessa.
The sling bullet burns Duvessa.
You kill Duvessa!
Dowan screams, "No!
No!"
Dowan seems to find hidden reserves of power!
Dowan hits you but does no damage. The endoplasm hits you.
Your Ranged Weapons skill increases to level 6!
You shoot a sling bullet.
The sling bullet hits Dowan but does no damage.
Dowan closely misses you.
Dowan casts a spell.
Dowan blinks!
The endoplasm closely misses you.
You shoot a sling bullet. The sling bullet hits the endoplasm!
The sling bullet burns the endoplasm.
You kill the endoplasm!
Dowan casts a spell at you. The shard of ice hits you!
You die...

#. #.# ##
#.####.########
#.#............
#.#.#######.###
## #.#.# #
...######.#%#
....)......#
##..##...#...#
......ยค@.[...#
##....)......#
.................
..<.e.......#####
##.###...##.# #
#...##.# .......#
###### ##


You could see Dowan (fast).

Vanquished Creatures
  Duvessa (D:4)
  A scorpion (D:4)
  A howler monkey (D:4)
  A hound (D:4)
  2 sleepcaps (D:4)
  Jessica (D:2)
  3 gnolls (D:3)
  3 adders
  2 worms
  2 dart slugs
  5 endoplasms
  3 giant cockroaches
  2 hobgoblins
  4 jackals
  4 ball pythons
  5 bats (D:1)
  2 frilled lizards
  5 goblins
  9 kobolds
  3 rats
59 creatures vanquished.

Notes
Turn   | Place    | Note
-------+----------+-------------------------------------------
     0 | D:1      | qw the Gargoyle Hexslinger began the quest for the Orb.
     0 | D:1      | Reached XP level 1. HP: 12/12 MP: 2/2
     0 | D:1      | 0 ||| qw: Version: 0.3-a-51-g015441d
     0 | D:1      | 0 ||| qw: Game counter: 4488
     0 | D:1      | 0 ||| qw: Melee chars always use a shield: true
     0 | D:1      | 0 ||| qw: God list: Okawaru
     0 | D:1      | 0 ||| qw: Allow faded altars: false
     0 | D:1      | 0 ||| qw: Do Orc after clearing Dungeon:15 true
     0 | D:1      | 0 ||| qw: Do second Lair branch before Depths: true
     0 | D:1      | 0 ||| qw: Lair rune preference: random
     0 | D:1      | 0 ||| qw: Goals: Normal
     0 | D:1      | 0 ||| PLANNING D:1-11
   158 | D:1      | Reached XP level 2. HP: 16/16 MP: 3/3
   269 | D:1      | Reached skill level 3 in Ranged Weapons
   461 | D:1      | 461 ||| READING scroll labelled RUNEPE BIBO.
   462 | D:1      | 462 ||| DRINKING 3 clear potions.
   463 | D:1      | 463 ||| DROPPING scroll of poison.
   607 | D:2      | Reached XP level 3. HP: 21/21 MP: 4/4
   683 | D:2      | 683 ||| Stepping ~*~*~tactically~*~*~ (outnumbered).
   690 | D:2      | HP: 4/21 [worm (5)]
   691 | D:2      | HP: 1/21 [worm (1)]
   699 | D:2      | HP: 2/21 [kobold/+0 dagger (1)]
   706 | D:2      | HP: 1/21 [kobold/+0 dagger (2)]
   812 | D:2      | Found a faded altar of an unknown god.
   842 | D:2      | 842 ||| SWAPPING to +2 sling of flaming.
   843 | D:2      | 843 ||| DROPPING +1 sling.
   995 | D:2      | Noticed Jessica
  1003 | D:2      | Killed Jessica
  1004 | D:2      | Reached skill level 4 in Ranged Weapons
  1004 | D:2      | Reached XP level 4. HP: 23/26 MP: 5/5
  1164 | D:2      | 1164 ||| UPGRADING to +0 ring mail.
  1174 | D:2      | 1174 ||| DROPPING +0 robe.
  1175 | D:2      | 1175 ||| UPGRADING to amulet of faith.
  1180 | D:2      | 1180 ||| READING 3 scrolls labelled ZIKIVE FAJUBLAY.
  1184 | D:2      | 1184 ||| READING scroll labelled COJEXO GUTTOPS.
  1185 | D:2      | 1185 ||| DRINKING 2 orange potions.
  1331 | D:3      | 1331 ||| FLEEEEING.
  1332 | D:3      | 1332 ||| FLEEEEING.
  1333 | D:3      | 1333 ||| FLEEEEING.
  1334 | D:3      | 1334 ||| FLEEEEING.
  1592 | D:3      | Reached skill level 1 in Armour
  1735 | D:3      | 1735 ||| Stepping ~*~*~tactically~*~*~ (outnumbered).
  1738 | D:3      | 1738 ||| Stepping ~*~*~tactically~*~*~ (outnumbered).
  1749 | D:3      | HP: 4/26 [gnoll/+0 spear (3)]
  1750 | D:3      | 1750 ||| READING 4 scrolls of teleportation.
  1753 | D:3      | Reached XP level 5. HP: 6/30 MP: 6/6
  1980 | D:3      | 1980 ||| READING 2 scrolls of identify.
  1980 | D:3      | 1980 ||| IDENTIFYING grey potion
  2062 | D:4      | Noticed Duvessa
  2064 | D:4      | Noticed Dowan
  2068 | D:4      | Reached skill level 5 in Ranged Weapons
  2079 | D:4      | HP: 6/30 [Duvessa/+0 rapier (5)]
  2080 | D:4      | 2080 ||| READING 3 scrolls of teleportation.
  2084 | D:4      | 2084 ||| READING 2 scrolls of teleportation.
  2188 | D:4      | Reached XP level 6. HP: 36/36 MP: 7/7
  2217 | D:4      | Reached skill level 3 in Fighting
  2293 | D:4      | Killed Duvessa
  2294 | D:4      | Reached skill level 6 in Ranged Weapons
  2295 | D:4      | Killed from afar by Dowan

Levels and vault maps discovered:
D:1:      minmay_arrival_semitransparent, layout_rooms,
          chequers_serial_rivers_small_b
D:2:      layout_loops_ring, ebering_ecumenical_altar_rust, uniq_jessica
D:3:      layout_loops_cross
D:4:      layout_loops_ring, serial_shops, nicolae_take_the_stairs, st_stairs_1,
          serial_park_tiny_1, uniq_duvessa, uniq_eustachio

Skill      XL: |  1  2  3  4  5  6 |
---------------+-------------------+-----
Ranged Weapons | 3 4 5 6 |  6.2
Fighting       | 2 3 |  3.6
Armour         | 1 |  1.0
Dodging        | |  1.5
Spellcasting   | |  1.0
Hexes          | |  2.6

Action                     |  1- 3 |  4- 6 || total
---------------------------+-------+-------++-------
   Fire: Sling             |   101 |   137 ||   238
    Use: Scroll            |     1 |     6 ||     7
         Potion            |     1 |     1 ||     2
 Armour: Robe              |    23 |       ||    23
         Ring mail         |       |    38 ||    38
  Dodge: Dodged            |    68 |    55 ||   123

Table legend:
 A = Non-vault XP
 B = Vault XP
 C = Vault XP percentage of total XP
 D = Non-vault monster count
 E = Vault monster count
 F = Vault count percentage of total count
                 A         B        C        D         E       F
            +---------+---------+-------+---------+---------+-------
      Total |     425 |     184 |  30.2 |      57 |       2 |   3.4
            +---------+---------+-------+---------+---------+-------
        D:1 |      25 |       0 |   0.0 |      17 |       0 |   0.0
        D:2 |      50 |      37 |  42.5 |      13 |       1 |   7.1
        D:3 |      63 |       0 |   0.0 |      13 |       0 |   0.0
        D:4 |     287 |     147 |  33.9 |      14 |       1 |   6.7
            +---------+---------+-------+---------+---------+-------
